 Dungeon Crawl Stone Soup version 0.26-a0-597-gb535b0901c (webtiles) character file.

Game seed: 10739842378010679622

54 Apogee the Vandal (level 4, 0/29 HPs)
             Began as a Halfling Hunter on Sept 12, 2020.
             Slain by an iguana (12 damage)
             ... on level 2 of the Dungeon.
             The game lasted 00:01:33 (1144 turns).

Apogee the Vandal (Halfling Hunter)                 Turns: 1144, Time: 00:01:34

Health: 0/29       AC:  5    Str: 14    XL:     4   Next: 12%
Magic:  4/4        EV: 14    Int:  9    God:
Gold:   53         SH:  0    Dex: 14    Spells: 3/3 levels left

rFire    . . .     SeeInvis .   a - +1 hunting sling
rCold    . . .     Faith    .   (shield restricted)
rNeg     . . .     Spirit   .   j - +0 ring mail
rPois    .         Reflect  .   (no helmet)
rElec    .         Harm     .   (no cloak)
rCorr    .                      (no gloves)
MR       .....                  (no boots)
Stlth    +.........             (no amulet)
HPRegen  0.09/turn              (no ring)
MPRegen  0.09/turn              (no ring)

@: no status effects
A: small, mutation resistance 1
a: no special abilities


You were on level 2 of the Dungeon.
You visited 1 branch of the dungeon, and saw 2 of its levels.

You collected 53 gold pieces.

Inventory:

Hand Weapons
 a - a +1 hunting sling (weapon)
 b - a +0 short sword
Missiles
 d - 9 sling bullets (quivered)
Armour
 c - a +0 leather armour
 j - a +0 ring mail (worn)
   (You found it on level 2 of the Dungeon)
Scrolls
 e - a scroll of remove curse {unknown}
 g - 3 scrolls of identify {unknown}
 h - a scroll of blinking {unknown}
 k - 2 scrolls of enchant weapon {unknown}
Potions
 f - a potion of ambrosia {unknown}


   Skills:
 + Level 2.2 Fighting
 * Level 6.7 Slings
 + Level 2.8 Dodging
 - Level 2.0 Stealth


You had 3 spell levels left.
You didn't know any spells.
Your spell library was empty.

Dungeon Overview and Level Annotations

Branches:
Dungeon (2/15)

Altars:


Innate Abilities, Weirdness & Mutations

You are small and have problems with some larger weapons.
You are somewhat resistant to further mutation.


Message History

You kill the hobgoblin!
An iguana comes into view.
The rat closely misses you.
You shoot a stone. The iguana hisses angrily.
The stone hits the rat.
The rat closely misses you.
You shoot a stone. The stone closely misses the rat.
The rat misses you.
You shoot a stone. The stone hits the rat.
You kill the rat!
You shoot a stone. The stone closely misses the iguana.
You shoot a stone. The stone hits the iguana.
You shoot a stone.
The stone hits the iguana but does no damage.
You shoot a stone. The stone closely misses the iguana.
The iguana completely misses you.
You shoot a stone.
The stone hits the iguana but does no damage.
You shoot a stone.
The stone hits the iguana but does no damage.
The iguana bites you.
You shoot a stone.
The stone hits the iguana but does no damage.
The iguana bites you.
You shoot a sling bullet. The sling bullet hits the iguana.
The iguana barely misses you.
You shoot a sling bullet.
The sling bullet hits the iguana but does no damage.
The iguana barely misses you.
You shoot a sling bullet.
The sling bullet barely misses the iguana.
The iguana bites you.
You shoot a sling bullet. The sling bullet hits the iguana.
The iguana misses you.
You shoot a sling bullet.
The sling bullet barely misses the iguana.
You shoot a sling bullet.
The sling bullet closely misses the iguana.
The iguana misses you.
You shoot a sling bullet.
The sling bullet hits the iguana but does no damage.
The iguana bites you.
* * * LOW HITPOINT WARNING * * *
You are too injured to fight recklessly!
You are too injured to fight recklessly!
Firing (i - inventory)
d - 10 sling bullets (quivered)
Aim: an iguana (moderately wounded)
You shoot a sling bullet.
The sling bullet completely misses the iguana.
The iguana bites you!
You die...

#..†...# . +......+ .
.########......#
#.#.............#<..
###(#.#....†#####.###.#
...((.#.....# ... #
.....(#.....#########
....(.l.....'.......
###@....########
+.'.....'.......
###.....########
#.....# #.....# #.....#
#.....# #.....# #######


You could see an iguana.

Vanquished Creatures
  2 adders (D:2)
  An ooze (D:2)
  A leopard gecko (D:2)
  2 bats (D:2)
  3 goblins
  4 hobgoblins
  7 jackals
  3 ball pythons
  A frilled lizard (D:2)
  4 kobolds
  2 rats (D:2)
30 creatures vanquished.

Notes
Turn   | Place    | Note
-------+----------+-------------------------------------------
     0 | D:1      | Apogee the Halfling Hunter began the quest for the Orb.
     0 | D:1      | Reached XP level 1. HP: 14/14 MP: 1/1
   418 | D:1      | Reached skill level 6 in Slings
   421 | D:1      | Reached XP level 2. HP: 19/19 MP: 2/2
   774 | D:2      | Reached XP level 3. HP: 19/24 MP: 3/3
  1035 | D:2      | Reached XP level 4. HP: 24/29 MP: 4/4
  1144 | D:2      | Slain by an iguana

Illustrated notes

Levels and vault maps discovered:
D:1:      nzn_arrival_depleted_hourglass, layout_basic
D:2:      layout_basic

Skill      XL: |  1  2  3 |
---------------+----------+-----
Slings         | 6 |  6.7
Fighting       | 2 |  2.2
Stealth        | 2 |  2.0
Dodging        | |  2.8

Action                   |  1- 3 |  4- 6 || total
-------------------------+-------+-------++-------
Melee: Short sword       |     9 |       ||     9
 Fire: Hunting sling     |    62 |    27 ||    89
Armor: Ring mail         |     5 |       ||     5
Dodge: Dodged            |    15 |     8 ||    23

Table legend: (Time is in decaauts)
 A = Elapsed time spent in this place.
 B = Non-inter-level travel time spent in this place.
 C = Inter-level travel time spent in this place.
 D = Time resting spent in this place.
 E = Time spent auto-exploring this place.
 F = Levels seen in this place.
 G = Mean time per level.
                   A        B        C        D        E       F      G
               +--------+--------+--------+--------+--------+-----+--------+
         Total |   1131 |   1083 |     48 |     62 |    826 |   2 |  565.5 |
       Dungeon |   1131 |   1083 |     48 |     62 |    826 |   2 |  565.5 |
               +--------+--------+--------+--------+--------+-----+--------+

Top non-repeatable levels by time:
     D:1: 714 daAuts
     D:2: 417 daAuts
